AoeStats
← XxRauwAlejandroxX

Black Forest

510145129Analyzed
4v4 RM · 2d ago on Sep 29, 2026· 52m 41s· 8 players
Game mode
Random Map
Map size
Large (8 player)
Population
200
Speed
Normal
Resources
Standard
Victory
Conquest
Starting age
Dark Age
Ending age
Imperial Age
RankedLock teamsTeams togetherTeam positionsShared explorationLock speedFull tech treeHidden civsTurbo modeCheats
Victory
Defeat
🇧🇷 Vikings · Brazil
928
+13
🇧🇷 Persians · Brazil
912
+14
🇧🇷 Britons · Brazil
836
+17
🇧🇷 Japanese · Brazil
818
+18
🇲🇽 Maya · Mexico
908
-17
🇨🇦 Aztecs · Canada
899
-17
🇺🇸 Turks · United States
837
-14
🇲🇽 Japanese · Mexico
820
-14
MousePuddles
0:28 Loom
20:25 Feudal Age
21:48 Double-Bit Axe
21:46 Horse Collar
21:58 Gold Mining
27:52 Castle Age
30:37 Bow Saw
34:31 Imperial Age
32:56 Wheelbarrow
32:07 Town Watch
33:44 Gold Shaft Mining
35:48 Caravan
Silicio14Si
6:22 Loom
13:01 Feudal Age
20:26 Castle Age
18:44 Horse Collar
18:51 Double-Bit Axe
19:13 Stone Mining
26:21 Wheelbarrow
30:29 Imperial Age
28:22 Fletching
28:55 Ballistics
30:02 Heavy Plow
31:42 Eagle Warrior
32:57 Conscription
33:36 Forging
33:28 Scale Mail Armor
34:24 Hand Cart
34:41 Fortified Wall
34:43 Masonry
35:07 Town Watch
36:58 Chemistry
37:05 Crop Rotation
36:10 Pikeman
37:48 Iron Casting
37:29 Chain Mail Armor
37:11 Bodkin Arrow
36:49 Halberdier
39:29 Blast Furnace
45:28 Holcans
XxRauwAlejandroxX
0:55 Loom
14:18 Feudal Age
16:08 Horse Collar
16:16 Double-Bit Axe
17:09 Wheelbarrow
19:50 Gold Mining
19:50 Stone Mining
25:36 Castle Age
23:55 Forging
23:46 Scale Mail Armor
23:37 Fletching
23:48 Padded Archer Armor
23:54 Scale Barding Armor
26:33 Bow Saw
26:44 Hand Cart
28:28 Squires
28:15 Gambesons
28:17 Arson
30:43 Iron Casting
30:25 Chain Mail Armor
30:15 Heavy Plow
31:36 Town Watch
34:17 Fervor
35:22 Caravan
35:44 Treadmill Crane
36:25 Ballistics
36:18 Masonry
36:19 Fortified Wall
38:37 Gold Shaft Mining
38:52 Fletching
44:58 Imperial Age
46:43 Blast Furnace
46:13 Plate Mail Armor
46:48 Two-Man Saw
47:27 Conscription
47:28 Kataparuto
46:32 Elite Samurai
48:50 Onager
51:31 Chemistry
Coffee Bean
0:54 Loom
11:52 Feudal Age
12:35 Horse Collar
12:42 Double-Bit Axe
18:43 Castle Age
17:25 Gold Mining
18:54 Stone Mining
20:04 Wheelbarrow
20:18 Heavy Plow
27:04 Treadmill Crane
27:43 Bow Saw
31:30 Imperial Age
29:16 Hand Cart
30:01 Gold Shaft Mining
31:19 Stone Shaft Mining
32:00 Fletching
32:12 Padded Archer Armor
32:35 Ballistics
32:26 Fortified Wall
32:21 Caravan
33:04 Conscription
32:47 Atlatl
32:53 Bodkin Arrow
32:51 Town Watch
34:45 Chemistry
34:29 Bracer
34:45 Leather Archer Armor
34:43 Forging
34:33 Scale Mail Armor
36:43 Crop Rotation
35:51 Elite Skirmisher
36:58 Garland Wars
36:00 Elite Jaguar Warrior
36:30 Elite Jaguar Warrior
36:37 Elite Jaguar Warrior
40:28 Iron Casting
40:09 Chain Mail Armor
43:25 Blast Furnace
42:56 Plate Mail Armor
52:07 Squires
51:53 Arson
felipetutuba
1:09 Loom
11:18 Feudal Age
12:41 Double-Bit Axe
12:39 Horse Collar
21:02 Castle Age
23:02 Heavy Plow
35:17 Imperial Age
35:01 Fortified Wall
34:58 Scale Mail Armor
35:09 Forging
34:21 Pikeman
35:01 Squires
36:12 Halberdier
39:11 Kataparuto
39:26 Chain Mail Armor
39:46 Iron Casting
51:05 Conscription
50:05 Elite Samurai
JLT_Shinoub
0:26 Loom
11:43 Feudal Age
13:19 Wheelbarrow
12:30 Double-Bit Axe
12:27 Horse Collar
12:40 Gold Mining
14:20 Stone Mining
22:49 Castle Age
23:47 Hand Cart
23:44 Bow Saw
23:38 Heavy Plow
24:16 Gold Shaft Mining
25:30 Fletching
30:54 Imperial Age
28:10 Town Watch
29:37 Husbandry
28:58 Light Cavalry
29:50 Treadmill Crane
31:52 Caravan
32:06 Bodkin Arrow
32:25 Forging
32:21 Scale Barding Armor
33:22 Chemistry
32:31 Siege Engineers
32:55 Conscription
32:59 Bracer
34:13 Yeomen
34:15 Forging
34:09 Town Patrol
36:35 Iron Casting
36:24 Ballistics
36:02 Murder Holes
36:22 Elite Longbowman
39:43 Blast Furnace
39:04 Chain Barding Armor
42:46 Plate Barding Armor
42:12 Padded Archer Armor
JLT_Jhoni
0:26 Loom
15:37 Feudal Age
16:02 Double-Bit Axe
16:09 Gold Mining
16:09 Stone Mining
16:03 Horse Collar
17:03 Wheelbarrow
16:14 Town Watch
22:07 Castle Age
22:43 Bow Saw
23:10 Gold Shaft Mining
23:10 Stone Shaft Mining
23:44 Hand Cart
24:54 Heavy Plow
27:50 Ballistics
31:22 Imperial Age
30:12 Kamandaran
31:05 Crossbowman
31:50 Thumb Ring
32:20 Conscription
33:33 Chemistry
32:29 Murder Holes
33:30 Elite War Elephant
45:05 Two-Man Saw
44:38 Crop Rotation
FREDERICUS-HERECTUS
0:27 Loom
14:53 Feudal Age
15:31 Town Watch
15:45 Double-Bit Axe
15:43 Horse Collar
17:03 Gold Mining
17:04 Stone Mining
24:33 Forging
24:13 Fletching
24:24 Scale Mail Armor
24:25 Padded Archer Armor
26:28 Castle Age
24:25 Arson
24:03 Man-at-Arms
27:41 Heavy Plow
28:17 Bodkin Arrow
29:00 Bow Saw
29:50 Iron Casting
30:18 Gold Shaft Mining
30:44 Fortified Wall
30:30 Murder Holes
30:56 Ballistics
35:47 Imperial Age
33:57 Elite Skirmisher
35:13 Chain Mail Armor
35:14 Leather Archer Armor
35:12 Masonry
37:25 Bracer
39:14 Chemistry
38:45 Architecture
40:57 Blast Furnace
42:02 Plate Mail Armor
45:21 Crop Rotation
47:07 Onager
50:11 Ring Archer Armor
Connection lost

Rejoining the realm…

Still unreachable

The connection could not be restored.

Session expired

The server has moved on; the page needs a fresh start.